 Dungeon Crawl Stone Soup version 0.20-a0-2-g2b0e13a (webtiles) character file.

991 Kaname the Stinger (level 7, -6/46 HPs)
             Began as a Demonspawn Venom Mage on Oct 27, 2016.
             Splashed by a jelly's acid (10 damage)
             ... on level 5 of the Dungeon on Oct 28, 2016.
             The game lasted 00:20:02 (7009 turns).

Kaname the Stinger (Demonspawn Venom Mage)          Turns: 7009, Time: 00:20:03

Health: -6/46      AC: -1    Str: 13    XL:     7   Next: 98%
Magic:  13/13      EV: 12    Int: 18    God:
Gold:   262        SH:  0    Dex: 14    Spells: 3 memorised, 6 levels left

rFire  . . .     SeeInvis .     w - +0 arbalest
rCold  . . .     Gourm    .     a - +0 robe
rNeg   + . .     Faith    .     (shield currently unavailable)
rPois  +         Spirit   .     (no helmet)
rElec  .         Reflect  .     v - +0 cloak
rCorr  .         Harm     .     (no gloves)
MR     .....                    (boots unavailable)
Stlth  ++........               (no amulet)
                                i - +1 ring of slaying
                                C - ring of positive energy

@: mighty, corroded
A: talons 3, iridescent scales 2, poison resistance, MP-powered wands
a: no special abilities


You were on level 5 of the Dungeon.
You were very hungry.

You visited 2 branches of the dungeon, and saw 6 of its levels.

You collected 262 gold pieces.

Inventory:

Hand Weapons
 p - a +0 trident
 r - a +0 blowgun
 w - a +0 arbalest (weapon)
Missiles
 s - 22 poisoned needles
 x - 10 bolts (quivered)
Armour
 a - a +0 robe (worn)
 v - a +0 cloak (worn)
Jewellery
 i - a +1 ring of slaying (right hand)
 k - an uncursed ring of flight
 C - a ring of positive energy (left hand)
Wands
 u - a wand of flame (21/48)
Scrolls
 e - a scroll of recharging {unknown}
 j - 4 scrolls of magic mapping
 y - a scroll of enchant weapon {unknown}
Potions
 d - a potion of invisibility {unknown}
 f - 2 potions of brilliance
 l - a potion of lignification {unknown}
 m - a potion of mutation {unknown}
 n - a potion of beneficial mutation {unknown}
 o - a potion of haste {unknown}
 t - 2 potions of might
 z - a potion of curing {unknown}
 A - a potion of agility {unknown}
 D - 2 potions of flight {unknown}
Books
 b - a Young Poisoner's Handbook

   Spells                             Type                      Level
   a - Sting                          Conjuration/Poison           1
   b - Mephitic Cloud                 Conjuration/Poison/Air       3
   c - Olgreb's Toxic Radiance        Poison                       4
   d - Alistair's Intoxication        Transmutation/Poison         5
   e - Venom Bolt                     Conjuration/Poison           5
Comestibles
 c - 4 bread rations
 g - a meat ration
 q - 2 beef jerkies


   Skills:
 - Level 1.7 Dodging
 - Level 1.7 Stealth
 + Level 4.3 Spellcasting
 - Level 6.0 Conjurations
 - Level 2.0 Air Magic
 - Level 6.1 Poison Magic


You had 6 spell levels left.
You knew the following spells:

 Your Spells              Type           Power        Failure   Level  Hunger
a - Sting                 Conj/Pois      ####         1%          1    None
b - Mephitic Cloud        Conj/Pois/Air  ###.....     10%         3    ###....
c - Olgreb's Toxic Radia  Pois           ####....     14%         4    ####...


Dungeon Overview and Level Annotations

Branches:
Dungeon (5/15)             Temple (1/1) D:5

Altars:
Ashenzari
Cheibriados
Gozag
Hepliaklqana
Makhleb
Nemelex Xobeh
Ru
Uskayaw
Vehumet
Xom
Yredelemnul
Zin
The Shining One


Innate Abilities, Weirdness & Mutations

You have claws for feet.
You are mostly covered in iridescent scales. (AC +4)
Your system is resistant to poisons. (rPois)
You expend magic power (3 MP) to strengthen your wands.


Message History

Press: ? - help, Shift-Dir - straight line, f/p - jelly
Aim: a jelly (heavily wounded)
You shoot a bolt. The bolt hits the jelly!
The jelly is severely wounded.
The jelly barely misses you. The jelly misses you.
Firing (i - inventory):
x - 11 bolts (quivered)
Press: ? - help, Shift-Dir - straight line, f/p - jelly
Aim: a jelly (severely wounded)
You shoot a bolt.
The bolt hits the jelly but does no damage.
The jelly is severely wounded.
The jelly hits you.
You are splashed with acid!
The acid burns!
* * * LOW HITPOINT WARNING * * *
You are too injured to fight recklessly!
It was a potion of might.
You feel very mighty all of a sudden. The jelly hits you.
* * * LOW HITPOINT WARNING * * *
You are splashed with acid!
The acid burns!
You die...

.......#.....#...........#....#
##+##.##.....#.....##....#....#
#..##.#......#.....##.........#
......#......+...........#....#
......#.>....#.....##....#....#
......#......#.....##....#....#
......#......########....#....#
......#......#.....##....#....#
#.....#((....(.J@..#######....#
#######......#.....# #....#
......#......######## #.<..#
......#.............# #....#
####+##.............# #....#
#.....#.............######....#
......#.......................#
......#######.)...............#
.......#....#.................#


You could see a jelly.

Vanquished Creatures
  Grinder (D:4)
  An ice beast (D:5)
  A sky beast (D:5)
  An ogre (D:5)
  A centaur zombie (D:5)
  An orc priest (D:5)
  2 orc wizards
  A gnoll shaman (D:5)
  An iguana (D:4)
  4 worker ants
  A howler monkey zombie (D:5)
  8 adders
  4 gnolls
  A shadow imp (D:5)
  An ooze (D:2)
  An adder skeleton (D:5)
  5 worms
  A dart slug (D:1)
  5 leopard geckos
  10 orcs
  3 giant cockroaches
  6 goblins
  9 hobgoblins
  4 jackals (D:3)
  8 kobolds
  3 quokkas
  A ball python (D:1)
  9 bats
  6 frilled lizards
  A quokka skeleton (D:5)
  7 rats
108 creatures vanquished.

Notes
Turn   | Place    | Note
-------+----------+-------------------------------------------
     0 | D:1      | Kaname the Demonspawn Venom Mage began the quest for the Orb.
     0 | D:1      | Reached XP level 1. HP: 13/13 MP: 3/3
   110 | D:1      | Reached skill level 1 in Conjurations
   510 | D:1      | Gained mutation: You have sharp toenails. [demonic ancestry]
   510 | D:1      | Reached XP level 2. HP: 19/19 MP: 3/5
  1088 | D:1      | Gained mutation: You are partially covered in iridescent scales. (AC +2) [demonic ancestry]
  1088 | D:1      | Reached XP level 3. HP: 22/24 MP: 1/6
  1518 | D:2      | Found a basalt altar of Yredelemnul.
  1721 | D:2      | Reached XP level 4. HP: 25/30 MP: 3/7
  1791 | D:2      | Learned a level 3 spell: Mephitic Cloud
  2507 | D:3      | Reached skill level 1 in Air Magic
  3186 | D:3      | Reached XP level 5. HP: 35/35 MP: 3/8
  4221 | D:4      | Noticed Grinder
  4317 | D:4      | Learned a level 4 spell: Olgreb's Toxic Radiance
  4362 | D:4      | Found a burning altar of Makhleb.
  4364 | D:4      | Found a hide-covered altar of Uskayaw.
  4507 | D:4      | Killed Grinder
  4507 | D:4      | Gained mutation: You are mostly covered in iridescent scales. (AC +4) [demonic ancestry]
  4507 | D:4      | Reached XP level 6. HP: 31/41 MP: 9/9
  5317 | D:5      | Entered Level 5 of the Dungeon
  5380 | D:5      | Found an opulent altar of Gozag.
  5485 | D:5      | Noticed a sky beast
  5528 | D:5      | Killed a sky beast
  5528 | D:5      | Reached skill level 5 in Conjurations
  5528 | D:5      | Gained mutation: You have razor-sharp toenails. [demonic ancestry]
  5528 | D:5      | Reached XP level 7. HP: 21/46 MP: 1/10
  5534 | D:5      | Gained mutation: You possess an exceptional clarity of mind. [mutagenic meat]
  5535 | D:5      | Gained mutation: You have claws for feet. [mutagenic meat]
  5536 | D:5      | Gained mutation: You expend magic power (3 MP) to strengthen your wands. [mutagenic meat]
  5538 | D:5      | Gained mutation: Your system is resistant to poisons. (rPois) [mutagenic meat]
  5539 | D:5      | Lost mutation: You possess an exceptional clarity of mind. [mutagenic meat]
  5698 | D:5      | Found a staircase to the Ecumenical Temple.
  5707 | Temple   | Entered the Ecumenical Temple
  7009 | D:5      | Splashed by a jelly's acid

Vault maps used:
D:1:      dpeg_arrival_another_circle
D:2:      old_standard_altar
D:4:      chequers_temple_overflow_statue_of_worship, first_bread, uniq_grinder
D:5:      old_standard_altar
Temple:   compressed_dpeg_triangle_lava_temple

Skill      XL: |  1  2  3  4  5  6  7 |
---------------+----------------------+-----
Conjurations   | 1 2 3 4 5 6 |  6.0
Air Magic      | 2 |  2.0
Poison Magic   | 6 |  6.1
Spellcasting   | 4 |  4.3
Dodging        | |  1.7
Stealth        | |  1.7

Action                   |  1- 3 |  4- 6 |  7- 9 || total
-------------------------+-------+-------+-------++-------
Melee: Unarmed           |    10 |       |       ||    10
       Dagger            |    62 |   123 |     2 ||   187
       Kick              |     9 |    20 |    17 ||    46
       Trident           |       |       |    50 ||    50
 Fire: Arbalest          |       |    22 |    12 ||    34
 Cast: Sting             |    59 |    95 |    26 ||   180
       Mephitic Cloud    |       |     1 |     3 ||     4
Evoke: Wand              |       |       |     3 ||     3
  Use: Scroll            |       |     8 |     1 ||     9
       Potion            |       |       |     1 ||     1
 Stab: Sleeping          |     2 |     2 |       ||     4
       Confused          |       |       |     3 ||     3
  Eat: Chunk             |     3 |    12 |     9 ||    24
       Pizza             |       |     1 |       ||     1
       Beef jerky        |       |       |     1 ||     1
Armor: Robe              |    29 |    44 |    11 ||    84
Dodge: Dodged            |    62 |    94 |    39 ||   195
